 Dungeon Crawl Stone Soup version 0.30.1-9-gdf580d7c3d (webtiles) character file.

Game seed: 16086573003589620209

284 KittyFluff the Cudgeller (level 6, 0/38 HPs)
             Began as a Gargoyle Berserker on Oct 10, 2023.
             Was a Believer of Trog.
             Slain by a quasit (2 damage)
             ... summoned by Eustachio
             ... on level 4 of the Dungeon.
             The game lasted 00:12:52 (3100 turns).

KittyFluff the Cudgeller (Gargoyle Berserker)       Turns: 3100, Time: 00:12:53

Health: 0/38       AC:  9    Str: 23    XL:     6   Next: 29%
Magic:  6/6        EV: 10    Int:  7    God:    Trog [**....]
Gold:   197        SH: 12    Dex:  9    Spells: 5/5 levels left

rFire   . . .        a - +0 mace
rCold   . . .        f - +0 kite shield
rNeg    + . .        m - +2 robe {Will+}
rPois   ∞            (no helmet)
rElec   +            (no cloak)
rCorr   .            n - +0 pair of gloves
SInv    .            (no boots)
Will    +....        p - amulet of reflection
Stlth   +            (no ring)
HPRegen 0.26/turn    (no ring)
MPRegen 0.10/turn

%: reflection
@: about to teleport, on berserk cooldown, slowed, very slow
A: sickness immunity, AC +4, negative energy resistance 1, electricity
resistance, torment resistance 1, petrification resistance
a: Renounce Religion, Berserk, Trog's Hand


You were on level 4 of the Dungeon.
You worshipped Trog.
Trog was pleased with you.
You visited 1 branch of the dungeon, and saw 4 of its levels.

You collected 197 gold pieces.

Inventory:

Hand Weapons
 a - a +0 mace (weapon)
 q - a +0 sling
Missiles
 b - 3 silver javelins
 d - 3 curare-tipped darts (quivered)
Armour
 f - a +0 kite shield (worn)
 l - a +0 tower shield
 m - a +2 robe of willpower (worn)
 n - a +0 pair of gloves (worn)
Jewellery
 p - an amulet of reflection (around neck)
Scrolls
 e - a scroll of amnesia {unknown}
 j - a scroll of immolation
 k - 2 scrolls of vulnerability {unknown}
Potions
 c - 2 potions of might
 h - 3 potions of flight
 i - 2 potions of curing


   Skills:
 + Level 4.1 Fighting
 * Level 4.4 Maces & Flails
 * Level 4.2 Armour
 + Level 2.4 Dodging
 + Level 2.0 Shields


You had 5 spell levels left.
You didn't know any spells.
Your spell library was empty.

Dungeon Overview and Level Annotations

Branches:
Dungeon (4/15)
 Temple: D:4-7

Altars:

Shops:
D:1 (

Annotations:
D:4 Eustachio


Innate Abilities, Weirdness & Mutations

You are immune to sickness and miasma.
Your stone body is resilient. (AC +4)
You are immune to poison.
You resist negative energy. (rN+)
You are resistant to electric shocks. (rElec)
You are resistant to unholy torment.
You are immune to petrification.


Message History

The white imp gestures at you. The puff of frost hits you!
You closely miss Eustachio.
Eustachio is severely wounded.
You block Eustachio's attack. x2; The crimson imp hits you.
The rat bites you but does no damage. The rat closely misses you.
You block the white imp's attack. The river rat bites you.
The river rat completely misses you.
Eustachio casts a spell.
Eustachio blinks!
The crimson imp blinks!
The rat barely misses you. The rat bites you.
* * * LOW HITPOINT WARNING * * *
The river rat bites you.
* * * LOW HITPOINT WARNING * * *
The white imp gestures at you. The puff of frost hits you.
* * * LOW HITPOINT WARNING * * *
The river rat bites you but does no damage.
Throw: 3 darts (curare)
Press: ? - help, Q - select action, (/) - cycle Shift-Dir - straight line, f - you
Okay, then.
As you read the scroll of teleportation, it crumbles to dust.
You feel strangely unstable. You block the quasit's attack.
The quasit closely misses you. You block the quasit's attack.
The rat completely misses you. The rat barely misses you.
You block the quasit's attack.
The quasit claws you but does no damage. x2
The white imp shouts, "Go and return not, thou simpering nut-hook gonus!"
The white imp gestures at you. The puff of frost hits you.
* * * LOW HITPOINT WARNING * * *
The river rat closely misses you. The river rat bites you.
* * * LOW HITPOINT WARNING * * *
The rat barely misses you.
You barely miss Eustachio.
Eustachio is severely wounded.
The white imp disappears in a puff of smoke!
The quasit bites you but does no damage.
You block the quasit's attack. The quasit claws you.
You die...

####..## #..
##..## . ...
#....## ....
#.....## .....
##.##..# ....
#####.###.#.#
####..#...#.#
#....5.@....#
#....r@§#...##..
#....rrr.#......
##..#..5........
##...#.......#.
#.../..#...#...
#........#.....
#........#.....
##.....#.. #...
#...#..... .#.


You could see Eustachio (fast), a quasit (summoned), a crimson imp (summoned), 2
river rats and 2 rats.

Vanquished Creatures
  A black bear (D:3)
  Blork the orc (D:4)
  An iguana (D:4)
  4 adders
  2 worms (D:2)
  An orc (D:4)
  6 ball pythons
  8 endoplasms
  2 giant cockroaches
  5 goblins
  7 hobgoblins
  2 jackals (D:1)
  4 kobolds
  A quokka (D:3)
  3 bats
  A frilled lizard (D:1)
  6 rats
55 creatures vanquished.

Vanquished Creatures (others)
  A kobold (D:3)
1 creature vanquished.

Grand Total: 56 creatures vanquished

Notes
Turn   | Place    | Note
-------+----------+-------------------------------------------
     0 | D:1      | KittyFluff the Gargoyle Berserker began the quest for the
                  | Orb.
     0 | D:1      | Reached XP level 1. HP: 14/14 MP: 1/1
   340 | D:1      | Found a faded altar of an unknown god.
   345 | D:1      | Reached XP level 2. HP: 19/19 MP: 2/2
   506 | D:1      | Found Viraikac's Antique Weapon Emporium.
   721 | D:1      | Reached XP level 3. HP: 23/23 MP: 3/3
  1055 | D:2      | Reached ** piety under Trog
  1056 | D:2      | Reached XP level 4. HP: 22/28 MP: 4/4
  1133 | D:2      | You fall into a shaft and drop 2 floors!
  1147 | D:4      | Reached skill level 1 in Shields
  1328 | D:4      | Noticed Blork the orc
  1347 | D:4      | Killed Blork the orc
  1348 | D:4      | Reached XP level 5. HP: 16/33 MP: 5/5
  1593 | D:3      | Noticed a black bear
  1602 | D:3      | Killed a black bear
  1603 | D:3      | Reached XP level 6. HP: 26/38 MP: 6/6
  3074 | D:4      | Noticed Eustachio
  3100 | D:4      | Slain by a quasit

Illustrated notes

Levels and vault maps discovered:
D:1:      dpeg_arrival_oval, layout_basic, ebering_ecumenical_altar_box,
          serial_shops, shop, hex_tiny
D:2:      layout_loops_ring
D:3:      layout_basic
D:4:      layout_cave_pools, mainiacjoe_overflow_alcove_2, serial_shops,
          kennysheep_mini_moat, minmay_misc_feat_more_columns, uniq_eustachio,
          uniq_blork_the_orc

Skill      XL: |  1  2  3  4  5  6 |
---------------+-------------------+-----
Armour         | 3 4 |  4.2
Dodging        | 2 |  2.4
Shields        | 1 2 |  2.0
Maces & Flails | 4 |  4.4
Fighting       | 4 |  4.1

Action                     |  1- 3 |  4- 6 || total
---------------------------+-------+-------++-------
  Melee: Mace              |   107 |   107 ||   214
  Throw: Dart              |       |     1 ||     1
 Invoke: Berserk           |       |     3 ||     3
    Use: Scroll            |       |     8 ||     8
         Potion            |       |     1 ||     1
 Armour: Animal skin       |    43 |    10 ||    53
         Robe              |       |    43 ||    43
  Dodge: Dodged            |    55 |    68 ||   123
  Block: Kite shield       |    21 |    57 ||    78
         Reflection        |       |     5 ||     5
